 Dungeon Crawl Stone Soup version 0.01-2201-g4211a4d (webtiles) character file.

Game seed: 13230280006456687458, levelgen mode: deterministic

11 Illumine the Firebug (level 2, 0/15 HPs) Silent Spectre Fire Elementalist. Began on July 19, 2020. Slain by a cinder newt (3 damage) ... on level 1 of the Dungeon. The game lasted 00:01:16 (230 turns).

Illumine the Firebug (SSFE)                          Turns: 230, Time: 00:01:17

Health: 0/15       AC:  2    Str:  9    XL:     2 ^: 25
Magic:  7/8        EV: 15    Int: 17    God:
Gold:   18         SH:  0    Dex: 17    Spells: 3/6 levels left

rFire    . . .     Vision   .   e - +0 dagger
rCold    . . .     Gourm    .   (no weapon)
rNeg     + + +     Faith    .   a - +0 robe
rPois    ∞         Spirit   .   (no helmet)
rElec    .         Reflect  .   (no cloak)
rCorr    .         Harm     .   (no gloves)
MR       .....                  (no boots)
Stlth    ++........             (no amulet)
HPRegen  0.15/turn              b - ring of strength
MPRegen  0.18/turn              (no ring)

@: silenced
A: silence aura, negative energy resistance 3, torment resistance, unbreathing,
petrification resistance, silent casting, insubstantial
a: no special abilities


You were on level 1 of the Dungeon.
You were not hungry.

You visited 1 branch of the dungeon, and saw 1 of its levels.

You collected 18 gold pieces.

Inventory:

Weapons
 e - a +0 dagger (weapon)
Armour
 a - a +0 robe (worn)
Jewellery
 b - a ring of strength (left hand)
 c - a cursed ring of strength {(Curse: MR-)}
Potions
 d - a potion of might


   Skills:
 + Level 2.5 Dodging
 + Level 2.4 Stealth
 + Level 2.5 Spellcasting
 + Level 3.3 Fire Magic


You had 3 spell levels left.
You knew the following spells:

 Your Spells              Type           Power        Failure   Level  Hunger
a - Foxfire               Fire           13 (25)      7%          1    N/A
b - Searing Ray           Fire           13 (50)      10%         2    N/A

Your spell library contained the following spells:

 Spells                   Type           Power        Failure   Level  Hunger
 Conjure Flame            Fire           13 (100)     19%         3    N/A
 Inner Flame              Hex/Fire       7 (100)      34%         3    N/A
 Sticky Flame             Fire/Pois      7 (100)      73%         4    N/A
 Fireball                 Fire           13 (200)     82%         5    N/A

Dungeon Overview and Level Annotations

Branches:
Dungeon (1/8)

Altars:


Innate Abilities, Weirdness & Mutations

You are surrounded by an aura of unnatural quiet.
You are immune to poison.
You are immune to negative energy. (rN+++)
You are immune to unholy pain and torment.
You can survive without breathing.
You are immune to petrification.
You can communicate with gods and cast spells while silenced.
Your insubstantial form boosts your evasion and grants immunity to sticky flames, nets and constriction.


Message History

You hit the cinder newt but do no damage.
The cinder newt is almost dead. (2/12) HP The cinder newt bites you (0).
The cinder newt burns you!
You closely miss the cinder newt. x2; The cinder newt closely misses you (0).
You hit the cinder newt but do no damage.
The cinder newt is almost dead. (2/12) HP You hit the cinder newt but do no damage.
The cinder newt is almost dead. (2/12) HP The cinder newt bites you (0).
The cinder newt burns you!
You barely miss the cinder newt.
You hit the cinder newt but do no damage.
The cinder newt is almost dead. (2/12) HP The cinder newt bites you (2).
The cinder newt burns you!
* * * LOW HITPOINT WARNING * * *
Unknown command.
Casting: Foxfire (safe; 7% risk of failure)
Confirm with . or Enter, or press ? or * to list all spells.
You conjure some foxfire!
The cinder newt bites you (0). The cinder newt burns you!
You die...

### ########*######.##
.........%.?...l@.........
...............#*.#####.##
..........%....#..#
.............#.#..#
............##†#.##
...........# [.#.#
..........######)# ###
.)....?...#..##.## #.#
..........#.##.## #.#


You could see a cinder newt.

Vanquished Creatures
  A giant cockroach (D:1)
  4 goblins (D:1)
  2 hobgoblins (D:1)
  A bat (D:1)
  2 rats (D:1)
10 creatures vanquished.

Vanquished Creatures (others)
  31 foxfires (D:1)
31 creatures vanquished.

Grand Total: 41 creatures vanquished

Notes
Turn   | Place    | Note
-------+----------+-------------------------------------------
     0 | D:1      | Illumine the Silent Spectre Fire Elementalist began the
                  | quest for the Orb.
     0 | D:1      | Reached XP level 1. HP: 10/10 MP: 6/6
   134 | D:1      | Reached XP level 2. HP: 15/15 MP: 4/8
   168 | D:1      | Learned a level 2 spell: Searing Ray
   230 | D:1      | Slain by a cinder newt

Levels and vault maps discovered:
D:1:      lemuel_arrival_cross, layout_basic, minmay_cut_off

Action                   || total
-------------------------++-------
Melee: Unarmed           ||     9
       Dagger            ||     8
 Cast: Foxfire           ||    21
Armor: Robe              ||     4
Dodge: Dodged            ||    13
